 Dungeon Crawl Stone Soup version 0.31.0-12-g77e489cdc1 (webtiles) character file.

Game seed: 12718551684670313973

4085 monsoonserge the Grappler (level 10, -6/98 HPs)
             Began as a Troll Fighter on Mar 7, 2024.
             Was a Follower of Wu Jian.
             Mangled by a two-headed ogre
             ... wielding a +0 giant club
              (16 damage)
             ... on level 10 of the Dungeon.
             The game lasted 00:24:27 (6546 turns).

monsoonserge the Grappler (Troll Fighter)           Turns: 6546, Time: 00:24:28

Health: -6/98      AC:  4    Str: 25    XL:     10   Next: 5%
Magic:  8/8        EV: 11    Int:  3    God:    Wu Jian [*.....]
Gold:   640        SH: 11    Dex: 17    Spells: 9/9 levels left

rFire   . .          .
                       - Unarmed
rCold   . . .        b - +1 kite shield
rNeg    . . .        a - +0 robe
rPois   .            (helmet restricted)
rElec   .            (no cloak)
rCorr   .            (gloves unavailable)
SInv    .            (boots unavailable)
Will    +....        (no amulet)
Stlth   ++           (no ring)
HPRegen 1.16/turn    (no ring)
MPRegen 0.11/turn

%: no passive effects
@: no status effects
A: large, unfitting armour, claws 3, regeneration 1, shaggy fur 1, tough skin 1,
agile 1, low MP 1, strong-willed 1
a: Renounce Religion


You were on level 10 of the Dungeon.
You worshipped Wu Jian.
Wu Jian was aware of your devotion.
You visited 2 branches of the dungeon, and saw 11 of its levels.

You collected 750 gold pieces.
You spent 110 gold pieces at shops.

Inventory:

Missiles
 o - 17 poisoned darts
 t - 3 large rocks (quivered)
 u - 5 boomerangs
 A - 2 throwing nets
Armour
 a - a +0 robe (worn)
 b - a +1 kite shield (worn)
Magical Staves
 x - a staff of earth
Wands
 j - a wand of iceblast (7)
 y - a wand of flame (12)
 E - a wand of charming (17)
Scrolls
 d - 2 scrolls of silence {unknown}
 e - a scroll of summoning {unknown}
 h - 2 scrolls of fog
 i - 3 scrolls of teleportation {unknown}
 k - a scroll of torment
 m - a scroll of blinking
 r - a scroll of vulnerability {unknown}
 s - 2 scrolls of fear {unknown}
 v - 2 scrolls of enchant armour
 B - a scroll of enchant weapon {unknown}
Potions
 c - a potion of might
 f - a potion of curing
 g - a potion of cancellation {unknown}
 l - 2 potions of brilliance {unknown}
 n - a potion of invisibility
 p - a potion of lignification
 q - 3 potions of mutation
 w - 2 potions of haste
 z - a potion of resistance {unknown}
 C - a potion of attraction {unknown}
 D - a potion of ambrosia {unknown}


   Skills:
 + Level 5.8 Fighting
 + Level 2.5 Throwing
 + Level 5.7 Dodging
 + Level 6.3 Shields
 * Level 9.2 Unarmed Combat
 + Level 1.5 Evocations


You had 9 spell levels left.
You didn't know any spells.
Your spell library contained the following spells:

 Spells                   Type           Power      Damage    Failure   Level
 Apportation              Tloc           0%         N/A       75%         1
 Necrotise                Necr           0%         1d4       75%         1
 Sting                    Conj/Alch      0%         1d3       75%         1
 Summon Small Mammal      Summ           0%         N/A       75%         1
 Lesser Beckoning         Tloc           0%         N/A       87%         2
 Sublimation of Blood     Necr           0%         N/A       87%         2
 Call Canine Familiar     Summ           0%         N/A       98%         3
 Fugue of the Fallen      Necr           0%         N/A       98%         3
 Gell's Gravitas          Tloc           0%         N/A       98%         3
 Ozocubu's Armour         Ice            0%         N/A       98%         3
 Teleport Other           Tloc           0%         N/A       98%         3
 Manifold Assault         Tloc           0%         N/A       100%        4
 Petrify                  Alch/Erth      0%         N/A       100%        4
 Summon Blazeheart Golem  Fire/Summ      0%         N/A       100%        4
 Irradiate                Conj/Alch      0%         3d11      100%        5


Dungeon Overview and Level Annotations

Branches:
Dungeon (10/15)            Temple (1/1) D:7
   Lair: D:8-11         Orc: D:9-12

Altars:
Ashenzari
Cheibriados
Dithmenos
Elyvilon
Fedhas
Gozag
Hepliaklqana
Makhleb
Nemelex Xobeh
Okawaru
Qazlal
Ru
Trog
Uskayaw
Wu Jian
Xom
Yredelemnul
Zin
The Shining One

Shops:
D:3 *   D:8 *

Annotations:
D:3 3 runed translucent doors, spaghetti's ghost, amateur NaCK
D:7 Jeremiah


Innate Abilities, Weirdness & Mutations

You are too large for most types of armour.
You have claws for hands.
Your natural rate of healing is unusually fast.
You are covered in fur. (AC +1)
You have tough skin. (AC +1)
You are agile. (Dex +4, Str/Int -1)
Your magical capacity is low. (-10% MP)
You are strong-willed. (Will+)


Message History

You claw the yak!
The yak is almost dead.
You block the yak's attack.
You barely miss the yak.
The yak is almost dead.
The yak gores you but does no damage.
You barely miss the yak.
The yak is almost dead.
You block the yak's attack.
You mangle the yak!!
You kill the yak!
The Council accepts your kill.
Okay, then.
Throw: 4 large rocks
Press: ? - help, Q - select action, (/) - cycle Shift-Dir - straight line, f - two-headed ogre
Aim: a two-headed ogre, wielding a +0 giant club and a +0 giant spiked club (75% to hit)
You throw a large rock.
The large rock hits the two-headed ogre!!
The two-headed ogre is heavily wounded.
You claw the two-headed ogre!
The two-headed ogre is severely wounded.
The two-headed ogre hits you with a +0 giant club!!
You block the two-headed ogre's attack.
You scratch the two-headed ogre but do no damage.
The two-headed ogre is severely wounded.
The two-headed ogre hits you with a +0 giant club!!
* * * LOW HITPOINT WARNING * * *
You block the two-headed ogre's attack.
You closely miss the two-headed ogre.
The two-headed ogre is severely wounded.
You claw the two-headed ogre!
The two-headed ogre is almost dead.
The two-headed ogre hits you with a +0 giant club!!
* * * LOW HITPOINT WARNING * * *
The two-headed ogre hits you with a +0 giant spiked club.
* * * LOW HITPOINT WARNING * * *
You scratch the two-headed ogre.
The two-headed ogre is almost dead.
The two-headed ogre hits you with a +0 giant club!
You die...

######## #######
#......####?....#
#......#..#.....#
#......#..'.....#
#..†@..#..#.....###
.....##O###..#.......#
... #...#...#...Y...#
. #...(.).#....Y..#
#..##...#.......#
#..##...#.......#
#........#######.###
##+###..............
#...##.....#...


You could see a two-headed ogre.

Vanquished Creatures
  Grinder (D:5)
  A slime creature (D:9)
  A shadow (D:9)
  3 yaks (D:10)
  3 water moccasins (D:6)
  2 orc warriors
  4 ice beasts
  A black bear (D:4)
  An ogre (D:6)
  A phantom (D:6)
  2 kobold brigands (D:6)
  2 bullfrogs (D:8)
  3 scorpions
  3 wights (D:7)
  4 killer bees (D:7)
  A hound (D:5)
  5 orc priests
  A bombardier beetle (D:4)
  A jelly (D:6)
  5 gnoll boudas
  A sleepcap (D:7)
  3 iguanas
  10 orc wizards
  23 gnolls
  8 adders
  2 shadow imps (D:5)
  A white imp (D:6)
  13 ufetubi
  3 dart slugs
  3 ribbon worms
  33 orcs
  6 ball pythons
  5 endoplasms
  5 giant cockroaches
  5 goblins
  13 hobgoblins
  3 jackals
  4 quokkas
  5 bats
  6 frilled lizards
  15 kobolds
  6 rats
218 creatures vanquished.

Notes
Turn   | Place    | Note
-------+----------+-------------------------------------------
     0 | D:1      | monsoonserge the Troll Fighter began the quest for the Orb.
     0 | D:1      | Reached XP level 1. HP: 22/22 MP: 0/0
    40 | D:1      | Reached XP level 2. HP: 28/29 MP: 1/1
   227 | D:1      | Reached XP level 3. HP: 36/36 MP: 2/2
  1139 | D:2      | Reached skill level 3 in Unarmed Combat
  1306 | D:2      | Reached XP level 4. HP: 44/44 MP: 3/3
  1540 | D:3      | Found Kanisoweo's General Store.
  1543 | D:3      | Bought a potion of haste for 100 gold pieces
  1543 | D:3      | Bought a potion of degeneration for 10 gold pieces
  1554 | D:3      | Found an iron altar of Okawaru.
  1758 | D:3      | Found a broken altar of Ashenzari.
  2038 | D:3      | Found a runed translucent gate.
  2039 | D:3      | Found a runed translucent gate.
  2041 | D:3      | Found a runed translucent gate.
  2042 | D:3      | Noticed spaghetti's ghost (amateur NaCK)
  2160 | D:4      | Found a glowing silver altar of Zin.
  2224 | D:4      | Reached skill level 1 in Throwing
  2224 | D:4      | Reached XP level 5. HP: 52/53 MP: 4/4
  2459 | D:4      | Noticed a black bear
  2467 | D:4      | Killed a black bear
  2468 | D:4      | Reached skill level 4 in Unarmed Combat
  2468 | D:4      | Reached XP level 6. HP: 54/61 MP: 5/5
  2898 | D:4      | You fall into a shaft and drop 2 floors!
  2902 | D:6      | Noticed a water moccasin
  2927 | D:6      | Killed a water moccasin
  3092 | D:6      | Noticed a +0 falchion
  3092 | D:6      | Noticed a +0 short sword
  3093 | D:6      | Noticed a +0 dagger
  3094 | D:6      | Noticed a +0 spear
  3095 | D:6      | Noticed a +0 falchion
  3096 | D:6      | Noticed a +0 dagger
  3096 | D:6      | Noticed a +0 spear
  3096 | D:6      | Noticed a +0 short sword
  3132 | D:6      | Found a hide-covered altar of Uskayaw.
  3193 | D:5      | Entered Level 5 of the Dungeon
  3229 | D:5      | Noticed Grinder
  3235 | D:6      | Reached XP level 7. HP: 67/67 MP: 6/6
  3256 | D:5      | Killed Grinder
  3257 | D:5      | Reached skill level 5 in Unarmed Combat
  3740 | D:5      | Found a shadowy altar of Dithmenos.
  3757 | D:5      | Reached skill level 6 in Unarmed Combat
  3757 | D:5      | Reached XP level 8. HP: 73/78 MP: 7/7
  4551 | D:6      | Reached skill level 5 in Shields
  4579 | D:6      | Reached skill level 7 in Unarmed Combat
  4620 | D:6      | Gained mutation: Your magical capacity is low. (-10% MP)
                  | [potion of mutation]
  4620 | D:6      | Gained mutation: You are strong-willed. (Will+) [potion of
                  | mutation]
  4620 | D:6      | Gained mutation: You are agile. (Dex +4, Str/Int -1)
                  | [potion of mutation]
  5168 | D:7      | Reached XP level 9. HP: 86/87 MP: 7/7
  5248 | D:7      | Found a sacrificial altar of Ru.
  5339 | D:7      | Identified the +9 short sword "Ykkid" {flame, *Noise rElec
                  | Str+5 SInv}
  5371 | D:7      | Found a staircase to the Ecumenical Temple.
  5380 | Temple   | Entered the Ecumenical Temple
  5396 | Temple   | Became a worshipper of the Wu Jian Council
  5458 | D:7      | Reached skill level 5 in Fighting
  5576 | D:7      | Reached skill level 5 in Dodging
  5591 | D:7      | Reached skill level 8 in Unarmed Combat
  5708 | D:7      | Reached skill level 1 in Evocations
  5841 | D:7      | Noticed Jeremiah
  5933 | D:7      | Reached * piety under Wu Jian
  6403 | D:8      | Noticed an angel
  6407 | D:8      | Found Axanoesm's Hallowed Reliquary.
  6447 | D:9      | Noticed a troll
  6447 | D:9      | Noticed a freezing wraith
  6447 | D:9      | Noticed a five-headed hydra
  6448 | D:9      | Noticed a two-headed ogre
  6462 | D:9      | Reached skill level 9 in Unarmed Combat
  6496 | D:10     | Entered Level 10 of the Dungeon
  6532 | D:10     | Reached XP level 10. HP: 66/98 MP: 8/8
  6533 | D:10     | Noticed a two-headed ogre
  6546 | D:10     | Mangled by a two-headed ogre

Illustrated notes

Levels and vault maps discovered:
D:1:      dpeg_arrival_stonehenge_8_columns, layout_basic, minmay_vboxes
D:2:      layout_loops_cross, supply_closet_lemuel
D:3:      layout_basic, ashenzari_conservatory_becter, okawaru_gym_becter,
          gammafunk_ghost_necromancy, serial_shops,
          nicolae_shop_real_fake_doors, dk_noncrumbling_3
D:4:      minmay_polygon_palace, layout_basic, zin_academy
D:5:      layout_loops_ring, kennysheep_mini_moat, serial_demonic,
          serial_demonic_b, serial_demonic_d, serial_demonic_b,
          serial_demonic_g, serial_demonic_g, serial_demonic_a,
          serial_demonic_b, nicolae_letterblocks [nicolae_letter_subblock,
          nicolae_letter_subblock, nicolae_letter_subblock,
          nicolae_letter_subblock, nicolae_letter_subblock,
          nicolae_letter_subblock, nicolae_letter_subblock,
          nicolae_letter_subblock, nicolae_letter_subblock,
          nicolae_letter_subblock, nicolae_letter_subblock,
          nicolae_letter_subblock, nicolae_letter_subblock,
          nicolae_letter_subblock, nicolae_letter_subblock,
          nicolae_letter_subblock, nicolae_letter_subblock,
          nicolae_letter_subblock, nicolae_letter_subblock,
          nicolae_letter_subblock, nicolae_letter_subblock,
          nicolae_letter_subblock, nicolae_letter_subblock,
          nicolae_letter_subblock, nicolae_letter_subblock], uniq_grinder
D:6:      layout_gridville, nicolae_uskayaw_en_pointe, lexackson_kobold_supper
D:7:      layout_gridville, mainiacjoe_overflow_paths, temple_fountains,
          grunt_ministairs_7, minmay_misc_feat_iff,
          minmay_fractal_squares_gapless_5, uniq_jeremiah
D:8:      layout_layer_cave, nicolae_good_shop
D:9:      layout_basic, palyth_temple_overflow_mages, grunt_tough_drop
D:10:     layout_gridville, lair_entry_dummy, minmay_orc_entry_guard_dogs,
          uniq_harold, uniq_urug, uniq_maurice
Temple:   compressed_dpeg_triangle_lava_temple

Skill      XL: |  1  2  3  4  5  6  7  8  9 |
---------------+----------------------------+-----
Shields        | 3 4 5 6 |  6.3
Unarmed Combat | 3 4 6 7 9 |  9.2
Fighting       | 3 4 5 |  5.8
Throwing       | 1 2 |  2.5
Dodging        | 3 4 5 |  5.7
Evocations     | 1 |  1.5

Action                     |  1- 3 |  4- 6 |  7- 9 | 10-12 || total
---------------------------+-------+-------+-------+-------++-------
  Melee: Unarmed           |    88 |   140 |   423 |    14 ||   665
  Throw: Boomerang         |       |       |     4 |       ||     4
         Dart              |       |       |     7 |       ||     7
         Large rock        |       |       |       |     1 ||     1
Ability: Whirlwind         |       |       |    10 |       ||    10
         Lunge             |       |       |     7 |       ||     7
  Evoke: Wand              |       |       |     1 |       ||     1
    Use: Scroll            |     4 |     1 |     1 |       ||     6
         Potion            |       |       |     9 |       ||     9
   Stab: Sleeping          |     1 |     2 |     1 |       ||     4
         Invisible         |       |       |     4 |       ||     4
 Armour: Robe              |    48 |    60 |   273 |     7 ||   388
         Skin              |       |       |    22 |       ||    22
  Dodge: Dodged            |    33 |    43 |   160 |     2 ||   238
  Block: Kite shield       |    33 |    47 |   259 |     6 ||   345
